cohdb
Replays
Latest Replays
All Replays
Popular Replays
Top Player Replays
Match Explorer
How It Works
Community
CoH3 Stats
Reddit
Sign in to upload your games and track your stats! →
Sign in with Steam
Match 43966751
Unlisted
Match 43966751
Overview
Messages
Build Orders
End
Panzergrenadier Squad
Kradschützen Motorcycle Team
Selects Italian Infantry
Panzergrenadier Squad
Panzergrenadier Squad
Construct Light Support Kompanie
Fire Support Elements
Selects Defensive Operations
Flakvierling Half-track
Pak 38 Anti-tank Gun Team
2.5-tonne Medical Truck
Selects Guastatori Squad
Guastatori Squad
le.IG 18 Support Gun Team
Guastatori Squad
Selects Registered Artillery
Pak 38 Anti-tank Gun Team
Selects Prepared Positions
Construct Panzerarmee Kommand
Tek
和谐战争@
Insurmountable Odds
IJustDontCare
Chikage
PaniCoC
JT
陈浩南
0
0
Comments
sign in to comment!
No comments posted yet!